Map: Dusk Towers

Players

nOva - Winner!

  • Race: Terran Terran
  • League: Gold

zod

  • Race: Protoss Protoss
  • League: Silver

VOD

Have the link to the VOD?

Description

Time

  • Played on: Jan. 11, 2016, 2:52 p.m.
  • Length: 16:50
Show
View Real Time Build Order
Export as new Build Order

nOva Terran - Winner!

Build Orders: Mech 

Get SALT Encoding   

  12  0:02  SCV  
  13  0:14  SCV  
  13  0:18  Supply Depot  
  14  0:26  SCV  
  15  0:39  SCV  
  15  0:41  Barracks  
  16  0:48  Refinery  
  16  0:52  SCV  
  17  1:08  SCV  
  18  1:21  SCV  
  19  1:34  Marine  
  19  1:38  Orbital Command  
  20  1:41  Command Center  
  20  1:54  Supply Depot, Marine  
  21  2:16  SCV  
  21  2:17  Engineering Bay, Marine  
  23  2:34  Marine  
  24  2:37  SCV  
  25  2:51  SCV  
  25  2:52  Marine  
  25  2:55  Factory  
  25  2:57  Factory  
  27  3:00  SCV  
  27  3:03  Refinery  
  28  3:09  SCV  
  28  3:10  Marine  
  31  3:12  SCV  
  31  3:21  SCV  
  32  3:44  SCV  
  32  3:46  Orbital Command  
  33  3:52  Factory Tech Lab  
  33  3:53  Command Center, Factory Tech Lab  
  33  3:56  Refinery  
  33  3:57  Marine  
  33  4:01  Refinery  
  34  4:04  SCV  
  35  4:14  Supply Depot  
  35  4:15  Marine  
  35  4:16  SCV  
  35  4:17  SCV, Factory  
  38  4:19  Engineering Bay  
  38  4:20  Siege Tank  
  41  4:28  Siege Tank  
  41  4:29  SCV x2  
  46  4:41  SCV x2, Marine  
  49  4:50  Supply Depot  
  49  4:53  SCV x2  
  49  4:57  Siege Tank  
  54  5:05  SCV, Siege Tank, Marine  
  58  5:34  SCV x2  
  60  5:38  Siege Tank  
  60  5:39  Factory Reactor  
  63  5:48  Infernal Pre-Igniter  
  63  5:53  SCV x3  
  66  5:57  Marine  
  67  6:05  SCV  
  67  6:07  Starport  
  67  6:10  Missile Turret  
  67  6:11  Armory  
  68  6:15  Marine  
  69  6:19  SCV x2  
  69  6:20  SCV  
  69  6:24  Missile Turret  
  72  6:26  Hellion  
  72  6:28  Hellion  
  72  6:31  SCV  
  77  6:34  Orbital Command  
  77  6:45  Supply Depot  
  77  6:46  Supply Depot, Starport Reactor  
  77  6:47  SCV  
  77  6:49  Missile Turret, Marine  
  77  6:51  Supply Depot  
  75  6:54  Siege Tank  
  75  7:06  Marine  
  75  7:16  SCV x3  
  75  7:18  Siege Tank, Missile Turret  
  75  7:21  Missile Turret x2  
  75  7:22  Hellion  
  83  7:24  Marine  
  83  7:26  Siege Tank  
  83  7:28  SCV x2  
  83  7:29  SCV  
  90  7:34  Refinery x2  
  90  7:35  Medivac  
  92  7:40  SCV x2  
  92  7:41  Missile Turret  
  92  7:42  Marine  
  92  7:44  Hellion x2  
  99  7:46  SCV  
  100  7:52  SCV  
  101  8:05  Missile Turret  
  101  8:16  Terran Vehicle Weapons Level 1  
  101  8:17  Terran Infantry Weapons Level 1  
  101  8:19  Barracks Tech Lab  
  101  8:36  Supply Depot  
  101  8:38  Supply Depot  
  101  8:40  Supply Depot  
  101  8:42  SCV, Hellion, Viking x2  
  101  8:44  SCV x2  
  101  8:47  Supply Depot  
  110  8:49  Supply Depot  
  110  8:50  Marine  
  110  8:53  Command Center  
  110  8:54  Command Center, SCV  
  107  9:08  Marine  
  103  9:17  Thor x2  
  115  9:26  Marine  
  116  9:35  SCV x2  
  116  9:36  SCV  
  116  9:38  Widow Mine x2  
  119  9:44  Marine  
  124  9:47  SCV  
  124  9:52  Missile Turret  
  125  9:54  Missile Turret  
  125  9:55  Missile Turret  
  125  10:00  Thor x2  
  125  10:01  Missile Turret, Marine  
  125  10:02  Missile Turret  
  125  10:06  Widow Mine  
  125  10:07  Widow Mine  
  142  10:19  Marine  
  136  10:21  Viking  
  136  10:22  Viking, Missile Turret  
  134  10:37  Marine  
  132  10:51  Terran Vehicle Weapons Level 2, Viking  
  132  10:52  Viking  
  132  10:55  Marine  
  131  11:21  Viking  
  131  11:22  Viking  
  132  11:26  Marine  
  132  11:29  Thor x2  
  140  11:44  Marine  
  139  11:51  Viking  
  132  12:02  Marine  
  132  12:03  Viking  
  123  12:13  Thor  
  126  12:19  Marine  
  126  12:21  Viking  
  116  12:28  Orbital Command  
  111  12:31  Barracks  
  111  12:33  Viking  
  111  12:35  Barracks x2  
  108  12:37  Marine  
  108  12:38  Barracks  
  98  12:48  Barracks  
  98  12:49  SCV x3  
  98  12:50  SCV, Barracks x2  
  102  12:51  Viking  
  102  12:52  Barracks  
  102  12:53  Barracks  
  102  12:55  Marine  
  101  13:03  Viking  
  89  13:13  Marine  
  89  13:16  Thor x2  
  97  13:21  Viking  
  97  13:25  SCV  
  97  13:31  Marine  
  97  13:32  Marine  
  97  13:33  Marine x3  
  102  13:34  Marine  
  102  13:37  SCV  
  102  13:39  Viking  
  102  13:41  Marine x3  
  108  13:44  Stimpack  
  108  13:45  Marine  
  110  13:48  Marine  
  110  13:49  SCV  
  110  13:50  Marine x2  
  110  13:51  Viking, Marine x2  
  110  13:52  SCV, Marine  
  110  13:53  SCV x2  
  121  13:58  Marine  
  121  13:59  Marine x2  
  121  14:01  SCV, Supply Depot  
  125  14:02  Supply Depot  
  125  14:03  Supply Depot, Marine  
  125  14:04  SCV  
  125  14:05  SCV x2  
  125  14:06  Marine  
  125  14:08  Marine x4  
  125  14:09  Viking  
  130  14:10  Marine  
  130  14:13  SCV  
  130  14:16  Marine x3  
  130  14:17  SCV x2  
  134  14:20  Marine  
  132  14:24  Marine  
  132  14:26  Marine x4  
  132  14:28  Marine  
  136  14:34  Marine x3  
  136  14:38  Marine  
  136  14:42  Marine  
  136  14:44  Marine x4  
  138  14:46  Marine  
  138  14:52  Marine x3  
  138  14:56  Marine  
  139  15:00  Marauder  
  139  15:02  Command Center, Marine x3  
  144  15:08  Missile Turret  
  144  15:10  Viking, Sensor Tower, Missile Turret  
  144  15:11  Viking  
  148  15:19  Missile Turret  
  148  15:21  Missile Turret  
  148  15:22  Marauder  
  150  15:32  Marine x4  
  150  15:33  Marine x5  
  157  15:40  Viking  
  157  15:41  Viking  
  156  15:43  Marauder  
  156  15:50  Marine x5  
  156  15:51  Marine x4  
  156  16:04  Marauder  
  156  16:07  Marine  
  156  16:08  Marine x4  
  156  16:09  Marine x4  
  156  16:10  Viking  
  164  16:25  Marine x2  
  154  16:26  Marauder, Marine  
  147  16:35  SCV x3  
  147  16:36  SCV  
Show
View Real Time Build Order
Export as new Build Order

zod Protoss 

Build Orders:  

Get SALT Encoding   

  12  0:01  Probe (Chrono Boost)  
  13  0:11  Probe (Chrono Boost)  
  14  0:19  Pylon  
  14  0:22  Probe (Chrono Boost)  
  15  0:32  Assimilator  
  15  0:37  Probe (Chrono Boost)  
  16  0:44  Gateway  
  16  0:49  Probe (Chrono Boost)  
  17  1:00  Probe (Chrono Boost)  
  17  1:03  Gateway  
  18  1:10  Probe (Chrono Boost)  
  19  1:18  Pylon  
  19  1:21  Probe (Chrono Boost)  
  20  1:29  Assimilator  
  20  1:40  Cybernetics Core, Probe (Chrono Boost)  
  21  1:50  Probe (Chrono Boost)  
  21  1:53  Pylon  
  22  1:54  Zealot  
  24  2:10  Zealot  
  26  2:26  Warp Gate (Chrono Boost)  
  26  2:35  Nexus  
  26  2:57  Adept x2  
  30  3:06  Probe  
  31  3:18  Mothership Core  
  33  3:24  Pylon  
  33  3:25  Gateway  
  29  3:43  Adept  
  29  3:44  Adept  
  33  3:54  Probe, Forge  
  33  3:55  Probe  
  35  4:05  Probe  
  35  4:07  Probe  
  37  4:15  Probe  
  37  4:22  Stargate  
  37  4:23  Pylon  
  38  4:25  Probe  
  39  4:36  Probe  
  39  4:38  Probe  
  41  4:41  Assimilator  
  41  4:46  Probe  
  41  4:47  Pylon  
  42  5:07  Stalker x3  
  44  5:08  Oracle  
  45  5:31  Probe  
  45  5:33  Probe  
  47  5:36  Stargate  
  47  5:42  Probe  
  47  5:45  Nexus  
  48  5:52  Probe  
  48  5:54  Probe  
  50  6:01  Assimilator  
  50  6:03  Probe  
  50  6:05  Stalker x2  
  50  6:06  Probe  
  56  6:12  Protoss Air Weapons Level 1 (Chrono Boost)  
  56  6:28  Void Ray  
  60  6:41  Gateway  
  60  6:44  Pylon  
  60  6:45  Pylon  
  60  7:07  Probe x2  
  60  7:09  Probe  
  60  7:12  Assimilator  
  63  7:17  Assimilator  
  63  7:21  Probe  
  64  7:23  Probe  
  64  7:24  Probe, Fleet Beacon  
  64  7:27  Stargate  
  64  7:29  Stargate  
  66  7:31  Stalker x2  
  66  7:33  Probe  
  71  7:37  Protoss Air Armor Level 1 (Chrono Boost)  
  71  7:46  Protoss Shields Level 1 (Chrono Boost), Gateway  
  71  7:51  Probe  
  71  7:53  Probe x2  
  74  8:00  Pylon  
  74  8:02  Probe  
  74  8:04  Pylon  
  74  8:05  Probe x2  
  77  8:08  Pylon  
  77  8:13  Probe  
  77  8:16  Adept x2  
  77  8:17  Probe x2  
  82  8:31  Photon Cannon  
  82  8:33  Photon Cannon  
  82  8:34  Zealot  
  82  8:36  Photon Cannon  
  84  8:43  Probe  
  84  8:44  Probe x2  
  79  9:06  Zealot  
  79  9:07  Zealot x3  
  70  9:27  Tempest x2 (Chrono Boost)  
  85  9:31  Probe x2, Tempest x2 (Chrono Boost)  
  85  9:34  Stalker x2  
  80  9:48  Stalker x3  
  85  10:06  Tempest (Chrono Boost)  
  97  10:44  Tempest (Chrono Boost)  
  97  10:47  Tempest x3 (Chrono Boost)  
  101  11:06  Nexus  
  101  11:08  Assimilator  
  101  11:11  Pylon  
  101  11:12  Pylon x2  
  101  11:13  Assimilator  
  101  11:16  Pylon  
  101  11:37  Tempest (Chrono Boost)  
  109  11:43  Tempest x2 (Chrono Boost)  
  91  12:17  Stalker x5  
  93  12:42  Probe x2  
  93  12:43  Probe  
  94  12:52  Probe  
  94  12:53  Probe  
  94  12:55  Probe  
  97  13:03  Probe x2  
  99  13:07  Probe  
  96  13:14  Probe  
  96  13:16  Stalker  
  96  13:17  Stalker x4  
  107  13:20  Probe  
  107  13:22  Probe  
  107  13:24  Probe  
  110  13:31  Probe  
  110  13:34  Probe  
  112  13:35  Probe  
  113  13:41  Probe  
  113  13:45  Tempest (Chrono Boost)  
  113  13:46  Assimilator  
  126  13:49  Nexus  
  126  13:51  Tempest x2 (Chrono Boost)  
  126  13:53  Assimilator  
  100  14:44  Tempest (Chrono Boost)  
  116  14:50  Tempest x3 (Chrono Boost)  
  104  15:00  Zealot x3  
  104  15:01  Zealot x2  
  104  15:03  Probe x2  
  104  15:04  Probe  
  117  15:22  Tempest (Chrono Boost), Zealot x3  
  117  15:23  Zealot  
  141  15:33  Tempest (Chrono Boost), Void Ray x2 (Chrono Boost)  
  111  16:02  Stalker x2  
  111  16:03  Stalker x2  
  105  16:29  Zealot x3  
  105  16:30  Zealot x2  
Tags
 
Composition
Mech
Matchup
PvT
Add a new tag
Caveats
  • Supply blocks, unpowered buildings, or Contaminate may cause inaccurate times.
  • Supply counts are checked every 10 seconds.